 Dungeon Crawl Stone Soup version 0.24-a0-335-g06ca16a (webtiles) character file.

Game seed: 7124866009727566298

5232 Borgoz the Cleaver (level 10, -14/90 HPs)
             Began as a Hill Orc Gladiator on May 18, 2019.
             Was an Initiate of Ashenzari.
             Demolished by a two-headed ogre
             ... wielding a +0 giant club
              (26 damage)
             ... on level 9 of the Dungeon.
             The game lasted 00:13:33 (7971 turns).

Borgoz the Cleaver (Hill Orc Gladiator)             Turns: 7971, Time: 00:13:34

Health: -14/90     AC: 11    Str: 18    XL:     10   Next: 61%
Magic:  10/10      EV: 14    Int:  8    God:    Ashenzari [......]
Gold:   440        SH:  0    Dex: 15    Spells: 9/9 levels left

rFire    + + .     SeeInvis .   a - +0 war axe
rCold    . . .     Gourm    .   (no shield)
rNeg     . . .     Faith    .   y - +1 ring mail {rF+}
rPois    +         Spirit   .   c - +0 helmet
rElec    .         Reflect  .   o - +1 cloak {rPois}
rCorr    .         Harm     .   (no gloves)
MR       .....                  (no boots)
Stlth    +.........             (no amulet)
HPRegen  0.25/turn              x - ring of protection from fire
MPRegen  0.12/turn              (no ring)

@: no status effects
A: no striking features
a: Curse Item, Renounce Religion


You were on level 9 of the Dungeon.
You worshipped Ashenzari.
Ashenzari was noncommittal.
You were not hungry.

You visited 2 branches of the dungeon, and saw 10 of its levels.
You also visited: Sewer.

You collected 440 gold pieces.

Inventory:

Hand Weapons
 a - a +0 war axe (weapon)
 b - the +1 whip "Xanixaih" {speed, rPois MP+9}
   (You found it on level 4 of the Dungeon)

   Attacks with this weapon are significantly faster.
   It protects you from poison.
   It affects your magic capacity (+9).
Armour
 c - a +0 helmet (worn)
 e - a scarf of cloud immunity
 o - a +1 cloak of poison resistance (worn)
 u - a +0 plate armour
 y - a +1 ring mail of fire resistance (worn)
 B - the +3 robe of Contentment {rElec Str+6}
   (You found it on level 6 of the Dungeon)

   It affects your strength (+6).
   It insulates you from electricity.
Jewellery
 s - an uncursed amulet of harm
 x - a ring of protection from fire (left hand)
 G - an uncursed amulet of magic regeneration
Wands
 n - a wand of flame (23)
 p - a wand of iceblast (14)
 F - a wand of acid (10)
Scrolls
 g - 2 scrolls of blinking
 h - 8 scrolls of teleportation
 j - 4 scrolls of enchant weapon
 k - 2 scrolls of enchant armour
 l - 4 scrolls of remove curse
 q - 2 scrolls of fear
 r - a scroll of immolation {unknown}
 A - 2 scrolls of amnesia {unknown}
 C - a scroll of magic mapping {unknown}
 I - a scroll of identify
Potions
 i - 6 potions of agility
 m - 2 potions of might {unknown}
 t - 3 potions of haste
 v - 5 potions of curing
 w - 3 potions of flight
 z - a potion of mutation
 D - 5 potions of heal wounds
 E - 2 potions of brilliance
Comestibles
 f - 15 rations
 H - 3 chunks of flesh


   Skills:
 + Level 8.7 Fighting
 * Level 12.9 Axes
 - Level 1.7 Throwing
 + Level 7.4 Armour
 + Level 6.2 Dodging


You had 9 spell levels left.
You didn't know any spells.
Your spell library contained the following spells:

 Spells                   Type           Power        Failure   Level  Hunger
 Infusion                 Chrm           #...         56%         1    ##.....
 Shock                    Conj/Air       #...         56%         1    ##.....
 Poisonous Vapours        Pois/Air       #.....       71%         2    ###....
 Shroud of Golubria       Chrm/Tloc      #.........   71%         2    ###....
 Song of Slaying          Chrm           #.......     71%         2    ###....
 Conjure Flame            Conj/Fire      #.......     91%         3    ####...
 Mephitic Cloud           Conj/Pois/Air  #.......     91%         3    ####...
 Regeneration             Chrm/Necr      #.........   91%         3    ####...
 Spectral Weapon          Hex/Chrm       #.......     91%         3    ####...
 Airstrike                Air            #.........   100%        4    #####..
 Summon Lightning Spire   Summ/Air       #.......     100%        4    #####..
 Lightning Bolt           Conj/Air       #.........   100%        5    ######.
 Deflect Missiles         Chrm/Air       #.........   100%        6    #######
 Freezing Cloud           Conj/Ice/Air   #.........   100%        6    #######
 Ring of Flames           Chrm/Fire      #.........   100%        7    #######


Dungeon Overview and Level Annotations

Branches:
Dungeon (9/15)             Temple (1/1) D:7             Orc (0/2) D:9
   Lair: D:8-11

Altars:
Ashenzari
Cheibriados
Dithmenos
Elyvilon
Fedhas
Gozag
Hepliaklqana
Kikubaaqudgha
Makhleb
Nemelex Xobeh
Okawaru
Qazlal
Ru
Sif Muna
Trog
Uskayaw
Vehumet
Wu Jian
Xom
Yredelemnul
Zin
The Shining One

Shops:
D:7 (   D:9 [}


Message History

Aim: a two-headed ogre, wielding a +0 giant club and a +0 giant spiked club (heavily wounded)
The bolt of acid hits the two-headed ogre!
The two-headed ogre is splashed with acid!
The acid corrodes the two-headed ogre!
The two-headed ogre is almost dead.
The bolt of acid misses the hippogriff.
The two-headed ogre hits you with a +0 giant club.
* * * LOW HITPOINT WARNING * * *
The two-headed ogre hits you with a +0 giant spiked club!
* * * LOW HITPOINT WARNING * * *
You feel much better.
The two-headed ogre hits you with a +0 giant club!
* * * LOW HITPOINT WARNING * * *
The two-headed ogre closely misses you.
You barely miss the two-headed ogre.
The two-headed ogre is almost dead.
You barely miss the two-headed ogre.
The two-headed ogre is almost dead.
The two-headed ogre hits you with a +0 giant club!!
You die...

#.#.#####
#+##+#.##
#........#
#......#.#
^......#.#
>#+##....#
#####.#
#.....#
#.###@#
#O# #H.
##.# .# %.
#. ..


You could see a two-headed ogre and a hippogriff.

Vanquished Creatures
  Erica (D:9)
  4 yaks (D:9)
  A hungry ghost (D:8)
  A water moccasin (D:7)
  Duvessa (D:5)
  A black bear (D:6)
  An orc warrior (D:8)
  3 sky beasts
  A centaur (D:5)
  3 ogres
  2 phantoms (D:6)
  6 big kobolds
  6 bullfrogs
  Dowan (D:5)
  6 scorpions
  10 howler monkeys
  A bullfrog zombie (D:8)
  3 hounds
  4 orc priests
  A jelly (D:5)
  2 bullfrog skeletons
  5 worker ants
  Natasha (thrice) (D:3)
  2 iguanas
  9 orc wizards
  Ijyb (D:5)
  A hound skeleton (D:6)
  A gnoll (D:5)
  A howler monkey skeleton (D:4)
  11 adders
  7 river rats (Sewer)
  2 oozes
  4 adder skeletons
  An adder zombie (D:9)
  4 worms
  5 dart slugs
  5 leopard geckos
  25 orcs
  2 bats (D:1)
  12 giant cockroaches
  3 goblins
  9 hobgoblins
  7 jackals
  20 kobolds
  5 quokkas
  7 ball pythons
  12 frilled lizards
  A leopard gecko skeleton (D:3)
  A quokka skeleton (D:4)
  30 rats
255 creatures vanquished.

Vanquished Creatures (others)
  A quokka (D:3)
1 creature vanquished.

Grand Total: 256 creatures vanquished

Notes
Turn   | Place    | Note
-------+----------+-------------------------------------------
     0 | D:1      | Borgoz the Hill Orc Gladiator began the quest for the Orb.
     0 | D:1      | Reached XP level 1. HP: 18/18 MP: 1/1
    57 | D:1      | Reached XP level 2. HP: 24/25 MP: 2/2
   183 | D:1      | Reached skill level 1 in Armour
   239 | D:1      | Reached XP level 3. HP: 29/30 MP: 3/3
   916 | D:2      | Reached skill level 5 in Axes
  1072 | D:2      | Reached XP level 4. HP: 38/38 MP: 4/4
  1577 | D:3      | Noticed Natasha
  1585 | D:3      | Killed Natasha
  1586 | D:3      | Noticed Natasha
  1611 | D:3      | Killed Natasha
  1611 | D:3      | Reached XP level 5. HP: 32/45 MP: 5/5
  1721 | D:3      | You fall through a shaft!
  1892 | D:4      | Got an ancient whip
  1894 | D:4      | Identified the cursed +1 whip "Xanixaih" {speed, rPois
                  | MP+9} (You found it on level 4 of the Dungeon)
  2030 | D:4      | Reached skill level 6 in Axes
  2407 | D:4      | Reached XP level 6. HP: 47/52 MP: 6/6
  3009 | D:3      | Noticed Natasha
  3022 | D:3      | Killed Natasha
  3022 | D:3      | Reached skill level 7 in Axes
  3431 | D:3      | Reached XP level 7. HP: 58/60 MP: 7/7
  4347 | D:5      | Entered Level 5 of the Dungeon
  4358 | D:5      | Noticed Duvessa
  4359 | D:5      | Noticed Dowan
  4377 | D:5      | Killed Duvessa
  4377 | D:5      | Reached skill level 5 in Fighting
  4377 | D:5      | Reached skill level 8 in Axes
  4386 | D:5      | Killed Dowan
  4391 | D:5      | Reached XP level 8. HP: 31/68 MP: 8/8
  4673 | D:5      | Noticed Ijyb
  4676 | D:5      | Killed Ijyb
  4992 | D:6      | Reached skill level 9 in Axes
  5049 | D:6      | Got an ominously black robe
  5160 | D:6      | Reached skill level 5 in Armour
  5182 | D:6      | Reached skill level 10 in Axes
  5242 | D:6      | Found a glowing drain.
  5247 | D:6      | Reached XP level 9. HP: 64/77 MP: 9/9
  5264 | Sewer    | Entered a sewer
  5467 | Sewer    | Reached skill level 5 in Dodging
  5976 | D:6      | Found a blossoming altar of Fedhas.
  6008 | D:6      | Found a stormy altar of Qazlal.
  6252 | D:7      | Found a staircase to the Ecumenical Temple.
  6272 | Temple   | Entered the Ecumenical Temple
  6308 | D:7      | Reached skill level 11 in Axes
  6603 | D:7      | Found Ecvuf's Weapon Shop.
  6839 | D:8      | Reached XP level 10. HP: 48/88 MP: 10/10
  7026 | D:8      | Found a sparkling altar of Nemelex Xobeh.
  7026 | D:8      | Found a glowing silver altar of Zin.
  7145 | D:8      | Reached skill level 12 in Axes
  7308 | D:8      | Found a burning altar of Makhleb.
  7310 | D:8      | Found a shadowy altar of Dithmenos.
  7310 | D:8      | Found a shattered altar of Ashenzari.
  7310 | D:8      | Found a hazy altar of Hepliaklqana.
  7310 | D:8      | Found an ancient bone altar of Kikubaaqudgha.
  7311 | D:8      | Found a glowing golden altar of the Shining One.
  7328 | D:8      | Became a worshipper of Ashenzari the Shackled
  7372 | D:8      | Identified Ezouffea's Disquisition on the Birds
  7661 | D:9      | Found Kangebe's Gadget Boutique.
  7918 | D:9      | Found Hennat's Armour Shoppe.
  7918 | D:9      | Noticed Erica
  7938 | D:9      | Killed Erica
  7953 | D:9      | Found a staircase to the Orcish Mines.
  7958 | D:9      | Noticed a two-headed ogre
  7968 | D:9      | HP: 1/90 [two-headed ogre/+0 giant club (13)]
  7971 | D:9      | Demolished by a two-headed ogre

Levels and vault maps discovered:
D:1:      saegor_arrival_simple_e, layout_basic, lemuel_another_geyser
D:2:      layout_loops_corners, serial_glass, glass_columns_b, glass_columns_a,
          minmay_lizard_pond
D:3:      layout_basic, first_ration, uniq_natasha
D:4:      minmay_thinvault, layout_gridville
D:5:      layout_rooms, kennysheep_generic_room_11, uniq_duvessa, uniq_ijyb
D:6:      layout_basic, grunt_temple_overflow_forces_of_nature,
          portal_sewer_entry_f
D:7:      layout_basic, minmay_temple_entry_water_ring, serial_shops,
          shop_fountains
D:8:      layout_loops_ring, grunt_temple_overflow_open,
          amethyst_overflow_temple_binary
D:9:      layout_basic, orc_0_dummy, serial_shops, nicolae_shop_behind_doors,
          kennysheep_mini, shop, nicolae_shop_behind_doors, blue_anna_alchemist
          [blue_anna_fruit_fields, blue_anna_fruit_fields], uniq_erica,
          uniq_harold
Temple:   nicolae_temple_no_exploring_needed

Skill      XL: |  1  2  3  4  5  6  7  8  9 10 |
---------------+-------------------------------+-----
Armour         | 1 2 3 5 6 7 |  7.4
Fighting       | 3 4 5 6 7 8 |  8.7
Axes           | 5 6 7 8 10 11 12 | 12.9
Dodging        | 3 4 5 6 |  6.2
Throwing       | |  1.7

Action                   |  1- 3 |  4- 6 |  7- 9 | 10-12 || total
-------------------------+-------+-------+-------+-------++-------
Melee: War axe           |    98 |    88 |   401 |   132 ||   719
       Whip              |       |   141 |       |       ||   141
Throw: Throwing net      |       |     3 |     1 |     1 ||     5
Evoke: Wand              |       |       |     7 |     1 ||     8
  Use: Potion            |       |     4 |       |     1 ||     5
       Scroll            |       |     8 |     2 |     2 ||    12
 Stab: Sleeping          |     1 |       |       |       ||     1
       Held in net/web   |       |       |     1 |       ||     1
  Eat: Chunk             |       |     8 |    12 |     7 ||    27
Armor: Leather armour    |    13 |       |       |       ||    13
       Chain mail        |    20 |    25 |       |       ||    45
       Scale mail        |       |    54 |    25 |       ||    79
       Plate armour      |       |       |    51 |       ||    51
       Ring mail         |       |       |    92 |    29 ||   121
Dodge: Dodged            |    50 |    95 |   224 |    70 ||   439

Table legend:
 A = Non-vault XP
 B = Vault XP
 C = Vault XP percentage of total XP
 D = Non-vault monster count
 E = Vault monster count
 F = Vault count percentage of total count
                 A         B        C        D         E       F
            +---------+---------+-------+---------+---------+-------
      Total |    5353 |    2122 |  28.4 |     179 |      76 |  29.8
            +---------+---------+-------+---------+---------+-------
        D:1 |      47 |       0 |   0.0 |      23 |       0 |   0.0
        D:2 |      51 |       3 |   5.6 |      20 |       3 |  13.0
        D:3 |     199 |      35 |  15.0 |      24 |       1 |   4.0
        D:4 |     345 |     234 |  40.4 |      20 |      12 |  37.5
        D:5 |     353 |     274 |  43.7 |      12 |       5 |  29.4
        D:6 |    1098 |      13 |   1.2 |      28 |       6 |  17.6
        D:7 |     996 |       0 |   0.0 |      20 |       0 |   0.0
        D:8 |     898 |       0 |   0.0 |      15 |       0 |   0.0
        D:9 |    1366 |     918 |  40.2 |      17 |       1 |   5.6
      Sewer |       0 |     645 | 100.0 |       0 |      48 | 100.0
            +---------+---------+-------+---------+---------+-------
